 Dungeon Crawl Stone Soup version 0.22-a0-322-g60b3cfd (webtiles) character file.

16 Kairos the Skirmisher (level 2, 24/24 HPs)
             Began as a Mummy Fighter on Apr 4, 2018.
             Safely got out of the dungeon.
             The game lasted 00:01:09 (757 turns).

Kairos the Skirmisher (Mummy Fighter)                Turns: 757, Time: 00:01:10

Health: 24/24      AC:  6    Str: 19    XL:     2   Next: 37%
Magic:  2/2        EV:  7    Int:  7    God:
Gold:   80         SH:  8    Dex: 11    Spells: 1/1 levels left

rFire    x . .     SeeInvis .   a - +0 war axe
rCold    + . .     Gourm    .   c - +0 shield
rNeg     + + +     Faith    .   b - +0 scale mail
rPois    ∞         Spirit   .   (no helmet)
rElec    .         Reflect  .   (no cloak)
rCorr    .         Harm     .   (no gloves)
MR       .....                  (no boots)
Stlth    ..........             (no amulet)
HPRegen  0.08/turn              (no ring)
MPRegen  0.08/turn              (no ring)

@: no status effects
A: no food or potions, fire vulnerability, cold resistance 1, negative energy
resistance 3, torment resistance, unbreathing
a: no special abilities


You escaped.
You were not hungry.

You visited 1 branch of the dungeon, and saw 1 of its levels.

You collected 80 gold pieces.

Inventory:

Hand Weapons
 a - a +0 war axe (weapon)
Armour
 b - a +0 scale mail (worn)
 c - a +0 shield (worn)
Jewellery
 d - an uncursed ring of poison resistance {unknown}
 e - a +4 ring of intelligence {unknown}
Scrolls
 f - a scroll of identify {unknown}
 g - a scroll of noise {unknown}


   Skills:
 + Level 3.1 Fighting
 + Level 2.0 Axes
 + Level 2.5 Armour
 + Level 2.6 Shields


You had one spell level left.
You didn't know any spells.

Dungeon Overview and Level Annotations

Branches:
Dungeon (1/15)

Altars:
Cheibriados


Innate Abilities, Weirdness & Mutations

You do not eat or drink.
Your flesh is vulnerable to fire.
You are immune to poison.
Your flesh is cold resistant. (rC+)
You are immune to negative energy. (rN+++)
You are immune to unholy pain and torment.
You can survive without breathing.


Message History

No target in view!
No target in view!
No target in view!
No target in view!
No target in view!
No target in view!
No target in view!
No target in view!
Found a ring mail.
Done exploring.
No target in view!
Done exploring.
Done exploring.
You see here a ration.
There is an open gate here.
There is an open gate here.
There is an open gate here.
There is a staircase leading out of the dungeon here.
Are you sure you want to leave the Dungeon?
This will make you lose the game!
You have escaped!

..#........#....#...#.##....#.###
..#....#........'..†........#....
..#....#..###...#####.##....+....
..#....#..# ###.#........####....
..#....#..###...............+....
......#....#.......##[...####....
......#....#.#######.....###.....
......+......#.....#..........###
......#......#..@..#..........###
..........##.#.....#.............
..###.....##.#.....#..........###
#####.....##.##'''##.##....##.###
#...####..##.........###.........
..........##....).....##.........
..........##..........##.........
..........##..................._.
#....................###.........


There were no monsters in sight!

Vanquished Creatures
  A dart slug (D:1)
  4 goblins (D:1)
  A hobgoblin (D:1)
  3 bats (D:1)
  2 kobolds (D:1)
  3 rats (D:1)
14 creatures vanquished.

Notes
Turn   | Place    | Note
-------+----------+-------------------------------------------
     0 | D:1      | Kairos the Mummy Fighter began the quest for the Orb.
     0 | D:1      | Reached XP level 1. HP: 18/18 MP: 1/1
    24 | D:1      | Found a snail-covered altar of Cheibriados.
   163 | D:1      | Reached XP level 2. HP: 23/24 MP: 2/2
   757 | D:$      | Safely got out of the dungeon.

Vault maps used:
D:1:      dpeg_arrival_windows_large_door, cheibriados_altar_1

Skill      XL: |  1  2 |
---------------+-------+-----
Axes           | 2 |  2.0
Fighting       | |  3.1
Armour         | |  2.5
Shields        | |  2.6

Action                   || total
-------------------------++-------
Melee: War axe           ||    52
Armor: Scale mail        ||    27
Dodge: Dodged            ||    16
Block: Shield            ||    19

Table legend:
 A = Spawn XP
 B = Non-spawn XP
 C = Spawn XP percentage of total XP
 D = Spawn monster count
 E = Non-spawn monster count
 F = Spawn count percentage of total count
 G = Total turns spent on level
                    A         B        C        D         E        F      G
               +---------+---------+-------+---------+---------+-------+---------
         Total |       0 |      23 |   0.0 |       0 |      14 |   0.0 |   757
               +---------+---------+-------+---------+---------+-------+---------
           D:1 |       0 |      23 |   0.0 |       0 |      14 |   0.0 |   757
               +---------+---------+-------+---------+---------+-------+---------
